 Seeded DCSS version 0.29.1-15-g9cfb28693d (webtiles) character file.

Game seed: 16245865983455551772 (custom seed)

1936 Atreus the Skirmisher (level 9, 0/48 HPs)
             Began as a Kobold Hunter on Mar 9, 2023.
             Was a Follower of Nemelex Xobeh.
             Slain by an orc warrior
             ... wielding a +0 long sword
              (1 damage)
             ... on level 7 of the Dungeon.
             The game lasted 00:09:36 (6565 turns).

Atreus the Skirmisher (Kobold Hunter)               Turns: 6565, Time: 00:09:37

Health: 0/48       AC: 13    Str:  9    XL:     9   Next: 40%
Magic:  9/9        EV:  5    Int: 22    God:    Nemelex Xobeh [*.....]
Gold:   921        SH:  0    Dex: 25    Spells: 8/8 levels left

rFire   . . .      SeeInvis .   b - +8 triple crossbow "Jimucluf" {freeze, rPois}
rCold   + . .      Faith    .   (shield currently unavailable)
rNeg    . . .      Spirit   .   x - +0 plate armour
rPois   +          Reflect  .   (no helmet)
rElec   .          Harm     .   e - scarf {repulsion}
rCorr   .          Rampage  .   z - +1 pair of gloves
Will    .....                   (no boots)
Stlth   ..........              d - amulet of Plog {rC+ Regen+ Dex+3 Stlth+}
HPRegen 0.96/turn               i - +6 ring of intelligence
MPRegen 0.11/turn               j - +6 ring of intelligence

@: repel missiles
A: small, no large weapons, nightstalker 3
a: Renounce Religion, Draw Escape, Draw Destruction, Draw Summoning


You were on level 7 of the Dungeon.
You worshipped Nemelex Xobeh.
Nemelex Xobeh was aware of your devotion.
You visited 2 branches of the dungeon, and saw 8 of its levels.

You collected 921 gold pieces.

Inventory:

Hand Weapons
 a - a +0 shortbow
 b - the +8 triple crossbow "Jimucluf" (weapon) {freeze, rPois}
   (You acquired it on level 1 of the Dungeon)

   Any ammunition fired from it freezes those it strikes, dealing additional
   cold damage.
   It can also slow down cold-blooded creatures.
   rPois:     It protects you from poison.
Armour
 e - a scarf of repulsion (worn)
 x - a +0 plate armour (worn)
 z - a +1 pair of gloves (worn)
Jewellery
 d - the amulet of Plog (around neck) {rC+ Regen+ Dex+3 Stlth+}
   (You acquired it on level 1 of the Dungeon)

   [amulet of regeneration]

   Dex:       It affects your dexterity (+3).
   rC:        It protects you from cold.
   Regen:     It increases your rate of health regeneration.
   Stlth:     It makes you more stealthy.
 i - a +6 ring of intelligence (left hand)
 j - a +6 ring of intelligence (right hand)
 v - a ring of ice
Wands
 o - a wand of flame (53)
 p - a wand of roots (21)
Scrolls
 c - a scroll of amnesia {unknown}
 h - 7 scrolls of teleportation {unknown}
 k - 2 scrolls of summoning {unknown}
 l - a scroll of enchant weapon {unknown}
 m - 8 scrolls of identify {unknown}
 q - a scroll of noise {unknown}
 u - a scroll of silence {unknown}
 w - a scroll of butterflies {unknown}
Potions
 f - a potion of might {unknown}
 g - 2 potions of flight {unknown}
 n - a potion of berserk rage {unknown}
 r - 2 potions of curing {unknown}
 s - a potion of brilliance {unknown}


   Skills:
 - Level 2.1 Fighting
 - Level 13.5 Ranged Weapons
 + Level 3.1 Armour
 - Level 6.4 Dodging
 - Level 1.3 Stealth


You had 8 spell levels left.
You didn't know any spells.
Your spell library contained the following spells:

 Spells                   Type           Power      Damage    Failure   Level
 Sting                    Tmut/Pois      0%         1d3       100%        1
 Poisonous Vapours        Pois/Air       0%         N/A       100%        2
 Confusing Touch          Hex            0%         N/A       100%        3
 Olgreb's Toxic Radiance  Pois           0%         N/A       100%        4
 Yara's Violent Unravell  Hex/Tmut       0%         3d3       100%        5
 Enfeeble                 Hex            0%         N/A       100%        7
 Chain Lightning          Conj/Air       0%         N/A       100%        9
 Fire Storm               Conj/Fire      0%         5d1       100%        9
 Shatter                  Erth           0%         3d5*      100%        9


Dungeon Overview and Level Annotations

Branches:
Dungeon (7/15)             Temple (1/1) D:5

Altars:
Cheibriados
Dithmenos
Elyvilon
Fedhas
Gozag
Kikubaaqudgha
Makhleb
Nemelex Xobeh
Sif Muna
Trog
Uskayaw
Vehumet
Wu Jian
Yredelemnul
Zin
The Shining One

Shops:
D:3 [   D:4 *:[   D:7 =


Innate Abilities, Weirdness & Mutations

You are small and have problems with some larger weapons.
You are completely attuned to the shadows.


Message History

Okay, then.
It was a potion of heal wounds.
You feel much better.
The bullfrog hits you but does no damage.
The orc closely misses you.
The orc warrior hits you with a +0 long sword.
The orc hits you but does no damage.
Fire: b) +8 triple crossbow "Jimucluf" {freeze, rPois}
Press: ? - help, Q - select action, (/) - cycle Shift-Dir - straight line, f/p - orc
Aim: an orc, wielding a +0 mace (73% to hit)
You shoot a bolt. The bolt completely misses the orc.
The bullfrog hits you but does no damage.
The bullfrog hits you. The orc hits you with a +0 dagger.
The bullfrog hits you. The orc hits you with a +0 mace.
The orc wizard hits you with a +0 dagger.
The orc warrior hits you but does no damage.
The bullfrog hits you but does no damage.
The orc hits you with a +0 mace.
The orc warrior hits you with a +0 long sword.
The orc hits you but does no damage.
The orc wizard hits you with a +0 dagger.
Fire: b) +8 triple crossbow "Jimucluf" {freeze, rPois}
Press: ? - help, Q - select action, (/) - cycle Shift-Dir - straight line, f - orc wizard, p - orc
Aim: an orc wizard, wielding a +0 dagger and wearing a +0 robe (69% to hit)
You shoot a bolt. The bolt hits the orc wizard!
The bolt freezes the orc wizard.
You kill the orc wizard!
The bullfrog hits you but does no damage. x2
The orc hits you but does no damage. The orc barely misses you.
The orc warrior hits you with a +0 long sword!
* * * LOW HITPOINT WARNING * * *
The bullfrog barely misses you. The orc hits you but does no damage.
The orc barely misses you.
The orc warrior hits you with a +0 long sword!
* * * LOW HITPOINT WARNING * * *
The bullfrog hits you.
* * * LOW HITPOINT WARNING * * *
The orc hits you but does no damage.
The orc warrior hits you with a +0 long sword.
You die...
Your body disappears without a glow.

#.............
#......†....#
#......†....#
#...........#
#...........#
#.######.####
#. #.# #
####.##
...F@o#
...o)o#
......#
.......
.....<##


You could see an orc warrior, a bullfrog and 2 orcs.

Vanquished Creatures
  Sigmund (D:5)
  A steam dragon (D:7)
  A water moccasin (D:6)
  An ice beast (D:7)
  An orc warrior (D:6)
  A black bear (D:5)
  An ogre (D:4)
  A phantom (D:6)
  A centaur (D:5)
  A kobold brigand (D:6)
  2 bullfrogs (D:6)
  A necrophage (D:4)
  3 scorpions
  2 howler monkeys (D:7)
  An orc priest (D:3)
  3 hounds
  An iron imp (D:4)
  Jessica (D:2)
  2 iguanas
  3 orc wizards
  Natasha (thrice) (D:3)
  A hound skeleton (D:4)
  4 gnolls (D:6)
  5 adders
  A white imp (D:5)
  A dart slug (D:5)
  9 orcs
  6 ball pythons
  3 bats
  8 endoplasms
  A giant cockroach (D:4)
  5 goblins
  7 hobgoblins
  4 quokkas
  3 frilled lizards
  12 kobolds
  7 rats
109 creatures vanquished.

Vanquished Creatures (others)
  16 plants
16 creatures vanquished.

Grand Total: 125 creatures vanquished

Notes
Turn   | Place    | Note
-------+----------+-------------------------------------------
     0 | D:1      | Atreus the Kobold Hunter began the quest for the Orb.
     0 | D:1      | Reached XP level 1. HP: 12/12 MP: 1/1
    63 | D:1      | Identified 3 scrolls of acquirement
    63 | D:1      | Acquired the amulet of Plog {rC+ Regen+ Dex+3 Stlth+}
    65 | D:1      | Acquired a scarf of repulsion
    67 | D:1      | Acquired the +8 triple crossbow "Jimucluf" {freeze, rPois}
   132 | D:1      | Reached XP level 2. HP: 17/17 MP: 2/2
   274 | D:1      | Found a faded altar of an unknown god.
   509 | D:1      | Reached skill level 6 in Ranged Weapons
   682 | D:1      | Reached XP level 3. HP: 21/21 MP: 3/3
  1278 | D:2      | Noticed Jessica
  1280 | D:2      | Killed Jessica
  1281 | D:2      | Reached XP level 4. HP: 26/26 MP: 4/4
  1839 | D:3      | Reached skill level 7 in Ranged Weapons
  1844 | D:3      | Reached XP level 5. HP: 30/30 MP: 5/5
  1875 | D:3      | Found Ymmy Ciutu's Antique Armour Shoppe.
  2080 | D:3      | Reached skill level 8 in Ranged Weapons
  2083 | D:3      | Noticed Natasha
  2093 | D:3      | Killed Natasha
  2097 | D:3      | Reached XP level 6. HP: 35/35 MP: 6/6
  2142 | D:3      | Noticed Natasha
  2143 | D:3      | Killed Natasha
  2323 | D:3      | Noticed Natasha
  2325 | D:3      | Killed Natasha
  2637 | D:4      | Found a shadowy altar of Dithmenos.
  2746 | D:4      | Found Gamycsypi's Antique Armour Boutique.
  2777 | D:4      | Noticed an ogre
  2778 | D:4      | Reached skill level 9 in Ranged Weapons
  2785 | D:4      | Killed an ogre
  2786 | D:4      | Reached skill level 10 in Ranged Weapons
  2786 | D:4      | Reached XP level 7. HP: 8/40 MP: 7/7
  2932 | D:4      | Found a burning altar of Makhleb.
  2958 | D:4      | Found Tuuwolaw's General Store.
  3015 | D:4      | Found a snail-covered altar of Cheibriados.
  3160 | D:4      | Found Koenoidu's Book Boutique.
  3486 | D:5      | Entered Level 5 of the Dungeon
  3493 | D:5      | Noticed Sigmund
  3495 | D:5      | Killed Sigmund
  3496 | D:5      | Reached skill level 11 in Ranged Weapons
  3497 | D:5      | Reached XP level 8. HP: 44/44 MP: 8/8
  3550 | D:5      | Reached skill level 12 in Ranged Weapons
  4036 | D:5      | Found a staircase to the Ecumenical Temple.
  4505 | D:5      | Found a glowing silver altar of Zin.
  4803 | Temple   | Entered the Ecumenical Temple
  5115 | Temple   | Became a worshipper of Nemelex Xobeh the Trickster
  5276 | D:6      | Reached skill level 13 in Ranged Weapons
  5306 | D:6      | Reached skill level 5 in Dodging
  5420 | D:6      | Reached XP level 9. HP: 48/48 MP: 9/9
  5942 | D:6      | Reached * piety under Nemelex Xobeh
  6492 | D:6      | Acquired 577 gold pieces
  6498 | D:7      | Found Dackej's Jewellery Shoppe.
  6535 | D:7      | Reached skill level 1 in Armour
  6565 | D:7      | HP: 1/48 [bullfrog (2)]
  6565 | D:7      | Slain by an orc warrior

Illustrated notes

Levels and vault maps discovered:
D:1:      minmay_arrival_hallway, layout_loops_corners, basic_ecumenical_altar,
          minmay_unequal
D:2:      layout_loops_ring, uniq_jessica
D:3:      layout_basic, serial_shops, nicolae_shop_advertising_works
          [nicolae_subvault_shop_adworks], minmay_shallow_snake_nest,
          uniq_natasha
D:4:      layout_rooms, grunt_dithmenos_smoke_and_mirrors,
          makhleb_blood_cavern_becter, slow_altar_1, serial_shops,
          nicolae_square_shop, nicolae_shop_temple_entry_statues_fountains,
          kennysheep_mini_moat, chequers_serial_rivers_large_a,
          minmay_fractal_squares_gapless_5
D:5:      layout_layer_cave, mainiacjoe_overflow_cross_hatched,
          lemuel_temple_firewalk_b, uniq_sigmund
D:6:      layout_basic
D:7:      layout_basic, nicolae_hepliaklqana_hazy_memory, serial_shops,
          nicolae_stop_n_shop_2
Temple:   nicolae_temple_bog_church

Skill      XL: |  1  2  3  4  5  6  7  8  9 |
---------------+----------------------------+-----
Ranged Weapons | 6 7 8 10 11 13 | 13.5
Dodging        | 3 6 |  6.4
Armour         | 3 |  3.1
Fighting       | |  2.1
Stealth        | |  1.3

Action                   |  1- 3 |  4- 6 |  7- 9 || total
-------------------------+-------+-------+-------++-------
Melee: Triple crossbow   |       |     3 |       ||     3
 Fire: Triple crossbow   |    26 |    59 |    82 ||   167
  Use: Scroll            |     3 |       |     1 ||     4
       Potion            |       |     1 |     1 ||     2
Armor: Leather armour    |     2 |       |       ||     2
       Ring mail         |       |    10 |     9 ||    19
       Skin              |       |     6 |       ||     6
       Plate armour      |       |       |    52 ||    52
Dodge: Dodged            |     5 |    28 |    38 ||    71
